 Dungeon Crawl Stone Soup version 0.30-a0-339-g89bb51ec76 (webtiles) character file.

Game seed: 15590098053884992272

345 funkygono the Firebug (level 6, -3/33 HPs)
             Began as a Gargoyle Fire Elementalist on Oct 31, 2022.
             Was a Follower of Vehumet.
             Slain by an ogre
             ... wielding a +0 giant spiked club
              (21 damage)
             ... on level 4 of the Dungeon.
             The game lasted 00:06:39 (4776 turns).

funkygono the Firebug (Gargoyle Fire Elementalist)  Turns: 4776, Time: 00:06:39

Health: -3/33      AC:  7    Str: 12    XL:     6   Next: 58%
Magic:  16/20      EV: 12    Int: 17    God:    Vehumet [*.....]
Gold:   125        SH:  0    Dex: 10    Spells: 1/12 levels left

rFire   . . .      SeeInvis .    i - +1 flail (holy)
rCold   . . .      Faith    .    (no shield)
rNeg    + . .      Spirit   .    a - +0 robe
rPois   ∞          Reflect  .    c - +0 helmet
rElec   +          Harm     .    (no cloak)
rCorr   .          Rampage  .    (no gloves)
Will    .....                    (no boots)
Stlth   ++........               (no amulet)
HPRegen 0.25/turn                m - ring of magical power
MPRegen 0.17/turn                (no ring)

@: very slightly contaminated
A: sickness immunity, AC +4, negative energy resistance 1, electricity
resistance, torment resistance 1, petrification resistance
a: Renounce Religion


You were on level 4 of the Dungeon.
You worshipped Vehumet.
Vehumet was aware of your devotion.
You visited 2 branches of the dungeon, and saw 6 of its levels.

You collected 125 gold pieces.

Inventory:

Hand Weapons
 i - a +1 flail of holy wrath (weapon)
 o - a +0 whip
 s - a +0 mace of venom
Armour
 a - a +0 robe (worn)
 c - a +0 helmet (worn)
Magical Staves
 p - a staff of death
Jewellery
 g - a ring of protection from fire
 m - a ring of magical power (left hand)
 t - an amulet of the acrobat
Wands
 q - a wand of flame (17)
Scrolls
 d - 2 scrolls of poison
 f - 3 scrolls of blinking
 h - a scroll of teleportation
 j - a scroll of magic mapping
Potions
 b - a potion of magic
 e - 2 potions of haste
 k - a potion of attraction
 l - a potion of might {unknown}
 n - a potion of heal wounds {unknown}
 r - a potion of berserk rage {unknown}


   Skills:
 + Level 0.3 Fighting
 + Level 1.9 Dodging
 + Level 3.4 Stealth
 * Level 3.6 Spellcasting
 * Level 2.8 Conjurations
 * Level 5.0 Fire Magic


You had one spell level left.
You knew the following spells:

 Your Spells              Type           Power      Damage    Failure   Level
a - Foxfire               Conj/Fire      64%        2x1d7     3%          1
b - Scorch                Fire           40%        2d7       3%          2
c - Kindle Blastsparks    Fire/Tloc/Air  16%        2d11      24%         3
d - Flame Wave            Conj/Fire      16%        2d7       32%         4
e - Freeze                Ice            12%        1d3       16%         1

Your spell library contained the following spells:

 Spells                   Type           Power      Damage    Failure   Level
 Magic Dart               Conj           48%        1d5       4%          1
 Apportation              Tloc           6%         N/A       16%         1
 Inner Flame              Hex/Fire       11%        N/A       17%         3
 Call Imp                 Summ           3%         N/A       24%         2
 Mephitic Cloud           Conj/Pois/Air  6%         N/A       32%         3
 Alistair's Intoxication  Tmut/Pois      2%         N/A       99%         5


Dungeon Overview and Level Annotations

Branches:
Dungeon (5/15)             Temple (1/1) D:4

Altars:
Ashenzari
Dithmenos
Elyvilon
Fedhas
Kikubaaqudgha
Makhleb
Okawaru
Uskayaw
Vehumet
Xom
Zin
The Shining One

Annotations:
D:3 3 runed translucent doors, vineage's ghost, amateur GrFi


Innate Abilities, Weirdness & Mutations

You are immune to sickness and miasma.
Your stone body is resilient. (AC +4)
You are immune to poison.
You resist negative energy. (rN+)
You are resistant to electric shocks. (rElec)
You are resistant to unholy torment.
You are immune to petrification.


Message History

Flames lash the adder.
You kill the adder!
Vehumet accepts your kill.
You can now gain magical power from killing.
Vehumet offers you knowledge of Freeze.
You start resting.
Your foxfire dissipates!
You start resting.
Your foxfire dissipates!
You start resting.
Magic restored.
Memorise Freeze, consuming 1 spell level and leaving 1?
Vehumet grants you knowledge of Freeze.
You start memorising the spell.
You continue memorising.
You finish memorising.
You add the spell Freeze to your library.
Spell assigned to 'e'.
You climb downwards.
The orc hits you but does no damage.
There is a stone staircase leading up here.
Casting: Scorch (safe; 3% risk of failure)
Confirm with . or Enter, or press ? or * to list all spells.
You miscast Foxfire.
You are very lightly contaminated with residual magic.
Nothing appears to happen.
The orc hits you but does no damage.
Casting: Foxfire (safe; 3% risk of failure)
Confirm with . or Enter, or press ? or * to list all spells.
Flames lash the orc.
You kill the orc!
Vehumet accepts your kill.
Your Fire Magic skill increases to level 5!
Unknown command.
The ogre hits you with a +0 giant spiked club!
You climb upwards.
There is a stone staircase leading down here.
Casting: Scorch (safe; 3% risk of failure)
Confirm with . or Enter, or press ? or * to list all spells.
You conjure some foxfire!
The ogre hits you with a +0 giant spiked club!!
Ouch! That really hurt!
You die...

.# ######## ##.....#
.########......# #.....#
........'......######.....#
.########..<...##.........# .#
#......##......#### .#
#......##......# .###
####'#..'......#
...#########.#.##O.....#
................@v.....#
.######.####...#v.###### .#
####.# #####..# ####### .# #....#
#..####.....# .# #....#
#..#..'.....# .# #....#####
#..#.##.....# .#
##...#...####...........#
.####.......'..#.....###+########
......###...##.#.....# #.#.......


You could see an ogre (ally target).

Vanquished Creatures
  2 scorpions (D:4)
  An orc wizard (D:3)
  An iguana (D:4)
  3 gnolls
  8 adders
  2 dart slugs
  6 orcs
  5 ball pythons
  9 endoplasms
  6 giant cockroaches
  2 goblins
  6 hobgoblins
  A quokka (D:1)
  7 bats
  2 frilled lizards
  6 kobolds
  6 rats
73 creatures vanquished.

Vanquished Creatures (others)
  185 foxfires
185 creatures vanquished.

Grand Total: 258 creatures vanquished

Notes
Turn   | Place    | Note
-------+----------+-------------------------------------------
     0 | D:1      | funkygono the Gargoyle Fire Elementalist began the quest
                  | for the Orb.
     0 | D:1      | Reached XP level 1. HP: 10/10 MP: 3/3
   349 | D:1      | Reached XP level 2. HP: 15/15 MP: 1/5
   354 | D:1      | Learned a level 2 spell: Scorch
  1517 | D:2      | Reached XP level 3. HP: 19/19 MP: 2/6
  1521 | D:2      | Learned a level 3 spell: Kindle Blastsparks
  1679 | D:2      | Found a faded altar of an unknown god.
  1898 | D:2      | Found a shadowy altar of Dithmenos.
  2332 | D:2      | Reached XP level 4. HP: 24/24 MP: 3/7
  2473 | D:3      | Found a runed translucent gate.
  2474 | D:3      | Found a runed translucent gate.
  2475 | D:3      | Found a runed translucent gate.
  2476 | D:3      | Noticed a scorpion
  2476 | D:3      | Noticed vineage's ghost (amateur GrFi)
  3435 | D:4      | Found a staircase to the Ecumenical Temple.
  3520 | Temple   | Entered the Ecumenical Temple
  3539 | Temple   | Became a worshipper of Vehumet
  3634 | D:4      | Reached XP level 5. HP: 28/28 MP: 9/9
  3634 | D:4      | Noticed an ogre
  3638 | D:4      | Reached skill level 4 in Fire Magic
  3970 | D:4      | Reached XP level 6. HP: 33/33 MP: 8/10
  4678 | D:4      | Learned a level 4 spell: Flame Wave
  4702 | D:5      | Entered Level 5 of the Dungeon
  4714 | D:4      | Reached * piety under Vehumet
  4714 | D:4      | Offered knowledge of Freeze by Vehumet.
  4770 | D:4      | Learned a level 1 spell: Freeze
  4774 | D:5      | Reached skill level 5 in Fire Magic
  4776 | D:4      | Slain by an ogre

Illustrated notes

Levels and vault maps discovered:
D:1:      psy_arrival_radial02, layout_basic
D:2:      layout_loops_ring, basic_altar, ebering_ecumenical_altar_petrified,
          serial_bayou_pond_d, grunt_ministairs_4, minmay_worlds_worst_comb
D:3:      layout_basic, gammafunk_ghost_split, minmay_unequal
D:4:      layout_basic, minmay_temple_entry_statues
D:5:      layout_rooms, nicolae_gozag_seed_capital,
          nicolae_overflow_hallway_of_the_gods, uniq_ijyb, uniq_sigmund,
          uniq_eustachio, uniq_prince_ribbit1
Temple:   nicolae_temple_ecumenical_triangle

Skill      XL: |  1  2  3  4  5  6 |
---------------+-------------------+-----
Conjurations   | 2 |  2.8
Stealth        | 3 |  3.4
Fire Magic     | 4 5 |  5.0
Spellcasting   | 3 |  3.6
Fighting       | |  0.3
Dodging        | |  1.9

Action                   |  1- 3 |  4- 6 || total
-------------------------+-------+-------++-------
Melee: Unarmed           |    24 |       ||    24
       Hand axe          |     5 |       ||     5
       Flail             |       |     8 ||     8
 Cast: Foxfire           |    55 |    52 ||   107
       Scorch            |    10 |    21 ||    31
  Use: Scroll            |       |     8 ||     8
Armor: Robe              |    19 |    12 ||    31
Dodge: Dodged            |    34 |    16 ||    50

Table legend: (Time is in decaauts)
 A = Elapsed time spent in this place.
 B = Non-inter-level travel time spent in this place.
 C = Inter-level travel time spent in this place.
 D = Time resting spent in this place.
 E = Time spent auto-exploring this place.
 F = Levels seen in this place.
 G = Mean time per level.
                   A        B        C        D        E       F      G
               +--------+--------+--------+--------+--------+-----+--------+
         Total |   4779 |   4632 |    147 |    203 |   3642 |   6 |  796.5 |
       Dungeon |   4739 |   4597 |    142 |    203 |   3618 |   5 |  947.8 |
        Temple |     39 |     35 |      4 |      0 |     24 |   1 |   39.0 |
               +--------+--------+--------+--------+--------+-----+--------+

Top non-repeatable levels by time:
     D:4: 1384 daAuts
     D:1: 1255 daAuts
     D:2: 1137 daAuts
     D:3: 947 daAuts
  Temple: 39 daAuts
     D:5: 14 daAuts
